 Dungeon Crawl Stone Soup version 0.29-a0-384-g6960b1960d (webtiles) character file.

Game seed: 8895835864503725190

3 zishaf the Magician (level 1, 0/16 HPs)
             Began as a Djinni Venom Mage on May 6, 2022.
             Was a Follower of Qazlal.
             Slain by a jackal (1 damage)
             ... on level 1 of the Dungeon.
             The game lasted 00:01:15 (357 turns).

zishaf the Magician (Djinni Venom Mage)              Turns: 357, Time: 00:01:17

Health: 0/16       AC:  2    Str:  7    XL:     1   Next: 55%
Gold:   22         EV: 12    Int: 16    God:    Qazlal [*.....] SH:  1 Dex: 13

rFire   + + .      SeeInvis .   b - +0 club
rCold   x . .      Faith    .   (no shield)
rNeg    . . .      Spirit   .   a - +0 robe
rPois   ∞          Reflect  .   (no helmet)
rElec   .          Harm     .   (no cloak)
rCorr   .          Rampage  .   (no gloves)
Will    .....                   (boots unavailable)
Stlth   ++........              (no amulet)
HPRegen 0.05/turn               (no ring)
MPRegen 0.00/turn               (no ring)

@: flying
A: sickness immunity, fire resistance 2, cold vulnerability 1, float, innate
caster, HP casting, extra vitality 1
a: Renounce Religion


You were on level 1 of the Dungeon.
You worshipped Qazlal.
Qazlal was aware of your devotion.
You visited 1 branch of the dungeon, and saw 1 of its levels.

You collected 22 gold pieces.

Inventory:

Hand Weapons
 b - a +0 club (weapon)
Armour
 a - a +0 robe (worn)


   Skills:
 + Level 0.3 Fighting
 - Level 2.1 Dodging
 - Level 1.5 Stealth
 * Level 2.5 Spellcasting


You couldn't memorise any spells.
You knew the following spells:

 Your Spells              Type           Power      Damage    Failure   Level
a - Sting                 Tmut/Pois      40%        1d5       7%          1
b - Poisonous Vapours     Pois/Air       20%        N/A       11%         2
c - Mephitic Cloud        Conj/Pois/Air  10%        N/A       21%         3
d - Olgreb's Toxic Radia  Pois           10%        N/A       56%         4
Your spell library was empty.

Dungeon Overview and Level Annotations

Branches:
Dungeon (1/15)

Altars:
Qazlal


Innate Abilities, Weirdness & Mutations

You are immune to sickness and miasma.
You are immune to poison.
Your flesh is very heat resistant. (rF++)
You are vulnerable to cold. (rC-)
You float through the air rather than walking.
You learn spells naturally, not from books.
Your magical power is your life essence.
You have superior vitality. (+4 MHP)


Message History

The jackal bites you.
The jackal bites you but does no damage.
You closely miss the jackal.
The jackal is almost dead.
The jackal completely misses you.
You hit the jackal but do no damage.
The jackal is almost dead.
You kill the jackal!
Qazlal accepts your kill.
The jackal bites you but does no damage.
You closely miss the jackal.
The jackal bites you but does no damage.
The jackal bites you.
Casting: Sting (safe; 7% risk of failure)
Confirm with . or Enter, or press ? or * to list all spells.
Aiming: Sting (safe; 7% risk of failure)
Press: ? - help, Shift-Dir - straight line, f - jackal
Aim: a jackal (64% to hit)
The sting hits the jackal but does no damage.
The jackal is poisoned.
The jackal bites you.
* * * LOW HITPOINT WARNING * * *
The jackal bites you but does no damage.
Casting: Sting (safe; 7% risk of failure)
Confirm with . or Enter, or press ? or * to list all spells.
Aiming: Sting (safe; 7% risk of failure)
Press: ? - help, Shift-Dir - straight line, f/p - jackal
Aim: a jackal (poisoned, 64% to hit)
The sting misses the jackal.
* * * LOW HITPOINT WARNING * * *
The jackal bites you.
* * * LOW HITPOINT WARNING * * *
Casting: Sting (safe; 7% risk of failure)
Confirm with . or Enter, or press ? or * to list all spells.
Aiming: Sting (safe; 7% risk of failure)
Press: ? - help, Shift-Dir - straight line, f/p - jackal
Aim: a jackal (poisoned, 64% to hit)
The sting misses the jackal.
* * * LOW HITPOINT WARNING * * *
The jackal bites you.
You die...

#.###.#.#...............#
#.#.##.#.......#########
##.###.##......#
##.#.##.##..###.#
#.###.#.##..###.#
###.####..##...##.#
#..<......+..#.##.#
#.##.####.##.....#.# .
#.# .# #####@#.# #.#
#h#.# #.# #.#.# ... #...#
..# #...# #+# #...# #.#.#
...#.. ..###..#


You could see a jackal (poisoned).

Vanquished Creatures
  A bat (D:1)
  A jackal (D:1)
  A kobold (D:1)
3 creatures vanquished.

Notes
Turn   | Place    | Note
-------+----------+-------------------------------------------
     0 | D:1      | zishaf the Djinni Venom Mage began the quest for the Orb.
     0 | D:1      | Reached XP level 1. HP: 15/15 MP: 0/0
   283 | D:1      | Found a faded altar of an unknown god.
   287 | D:1      | Prayed at the altar of an unknown god.
   287 | D:1      | Became a worshipper of Qazlal Stormbringer
   287 | D:1      | Reached * piety under Qazlal
   357 | D:1      | Slain by a jackal

Illustrated notes

Levels and vault maps discovered:
D:1:      roderic_octagonal_star, layout_basic,
          hellmonk_ecumenical_altar_heavens_door, grunt_decor_cap,
          minmay_3d_cube

Action                   || total
-------------------------++-------
Melee: Club              ||     4
 Cast: Sting             ||    11
Armor: Robe              ||     7
Dodge: Dodged            ||     2

Table legend: (Time is in decaauts)
 A = Elapsed time spent in this place.
 B = Non-inter-level travel time spent in this place.
 C = Inter-level travel time spent in this place.
 D = Time resting spent in this place.
 E = Time spent auto-exploring this place.
 F = Levels seen in this place.
 G = Mean time per level.
                   A        B        C        D        E       F      G
               +--------+--------+--------+--------+--------+-----+--------+
         Total |    357 |    357 |      0 |    224 |     93 |   1 |  357.0 |
       Dungeon |    357 |    357 |      0 |    224 |     93 |   1 |  357.0 |
               +--------+--------+--------+--------+--------+-----+--------+

Top non-repeatable levels by time:
     D:1: 357 daAuts
